 Dungeon Crawl Stone Soup version 0.26-a0-753-g4680b4fa2e (webtiles) character file.

Game seed: 11519058874151301685

306 Conn the Magician (level 6, -5/37 HPs)
             Began as an Octopode Fire Elementalist on Nov 7, 2020.
             Was an Initiate of Sif Muna.
             Slain by a steam dragon (6 damage)
             ... on level 3 of the Dungeon.
             The game lasted 00:12:47 (3817 turns).

Conn the Magician (Octopode Fire Elementalist)      Turns: 3817, Time: 00:12:48

Health: -5/37      AC:  1    Str:  8    XL:     6   Next: 39%
Magic:  11/11      EV: 13    Int: 19    God:    Sif Muna [......]
Gold:   156        SH:  0    Dex: 12    Spells: 1/12 levels left

rFire    . . .     SeeInvis .   b - +4 quarterstaff (chaos)
rCold    . . .     Faith    .   (shield currently unavailable)
rNeg     + . .     Spirit   .   (helmet restricted)
rPois    .         Reflect  .   (no amulet)
rElec    .         Harm     .   d - ring of positive energy
rCorr    .         Rampage  .   f - ring of flight
MR       +....                  o - ring of protection from magic
Stlth    +++.......             (no ring)
HPRegen  0.12/turn              (no ring)
MPRegen  0.12/turn              (no ring)
                                (no ring)
                                (no ring)

@: no status effects
A: almost no armour, stealthy swim, amphibious, 8 rings, constrict 8, camouflage
1, gelatinous body 1
a: Renounce Religion, Evoke Flight


You were on level 3 of the Dungeon.
You worshipped Sif Muna.
Sif Muna was noncommittal.
You visited 2 branches of the dungeon, and saw 5 of its levels.

You collected 156 gold pieces.

Inventory:

Hand Weapons
 a - a +1 dagger of draining
 b - a +4 quarterstaff of chaos (weapon)
Armour
 t - a +0 buckler
Jewellery
 d - a ring of positive energy (left tentacle)
 f - a ring of flight (right tentacle)
 o - a ring of protection from magic (on tentacle)
Wands
 j - a wand of polymorph (14)
Scrolls
 c - 5 scrolls of identify {unknown}
 e - 2 scrolls of magic mapping {unknown}
 g - a scroll of random uselessness {unknown}
 k - 2 scrolls of teleportation {unknown}
 l - a scroll of immolation {unknown}
 q - a scroll of remove curse {unknown}
 u - a scroll of blinking {unknown}
Potions
 i - a potion of attraction {unknown}
 m - a potion of haste
 p - a potion of ambrosia {unknown}
 r - a potion of resistance {unknown}
 s - a potion of might {unknown}
 v - a potion of brilliance {unknown}


   Skills:
 + Level 0.3 Fighting
 + Level 0.9 Short Blades
 + Level 0.7 Staves
 + Level 2.4 Dodging
 + Level 3.7 Stealth
 * Level 3.8 Spellcasting
 * Level 3.3 Conjurations
 * Level 3.6 Fire Magic


You had one spell level left.
You knew the following spells:

 Your Spells              Type           Power        Failure   Level
a - Foxfire               Conj/Fire      ###.         3%          1
b - Conjure Flame         Conj/Fire      ###.....     10%         3
c - Inner Flame           Hex/Fire       ##......     21%         3
d - Sticky Flame          Conj/Fire      ###.....     32%         4

Your spell library contained the following spells:

 Spells                   Type           Power        Failure   Level
 Fireball                 Conj/Fire      ###.......   65%         5


Dungeon Overview and Level Annotations

Branches:
Dungeon (4/15)             Temple (1/1) D:4

Altars:
Ashenzari
Dithmenos
Elyvilon
Fedhas
Gozag
Hepliaklqana
Kikubaaqudgha
Nemelex Xobeh
Okawaru
Qazlal
Ru
Sif Muna
Trog
Uskayaw
Vehumet
Wu Jian
Yredelemnul
Zin


Innate Abilities, Weirdness & Mutations

You cannot wear most types of armour.
You are very stealthy in the water. (Stealth+)
You are amphibious.
You can wear up to eight rings at the same time.
You can use your tentacles to constrict eight enemies at once.
Your skin changes colour to match your surroundings (Stealth+).
Your rubbery body absorbs attacks. (AC +1, EV +1)


Message History

Aim: a worker ant (chance to defeat MR: 54%)
The worker ant evaporates and reforms as a steam dragon!
Press: ? - help, v - describe, . - travel
Here: a steam dragon The floor.
Unknown command.
Okay, then.
Evoke which item? (* to show all) (? for menu, Esc to quit)
Aiming: Polymorph
Press: ? - help, Shift-Dir - straight line, f/p - steam dragon
Aim: a steam dragon (chance to defeat MR: 46%)
Okay, then.
Unknown command.
Okay, then.
Okay, then.
It was a potion of magic.
Magic courses through your body. The steam dragon bites you.
* * * LOW HITPOINT WARNING * * *
The steam dragon claws you.
You die...

#.............# #.#
#..####((..(..# #.# #..#
#.......###### #.# #..#
#...##+#....<# #.# #..##
#.#.#........# #.# #...#
#.#.#........#########.#
#.#.###.........)....)[รท.....#
#.....#.#.......D.############
###...#.###.....@.# #.....#.#
#.......# #.##..#.# #.......#
...(..#.# #.......# #)(...#.#
#.......# ###.....# #......^#
####..# ######### ######..###
..........#


You could see a steam dragon.

Vanquished Creatures
  A lemure (D:3)
  Crazy Yiuf (D:3)
  A hound (D:3)
  Robin (D:3)
  3 gnolls (D:3)
  4 adders
  2 oozes
  3 worms
  3 dart slugs
  3 leopard geckos
  2 orcs (D:3)
  2 ball pythons
  3 giant cockroaches
  14 goblins
  9 hobgoblins
  3 quokkas (D:3)
  5 bats
  6 frilled lizards
  10 kobolds
  7 rats
83 creatures vanquished.

Vanquished Creatures (others)
  214 foxfires
214 creatures vanquished.

Grand Total: 297 creatures vanquished

Notes
Turn   | Place    | Note
-------+----------+-------------------------------------------
     0 | D:1      | Conn the Octopode Fire Elementalist began the quest for the
                  | Orb.
     0 | D:1      | Reached XP level 1. HP: 11/11 MP: 3/3
   283 | D:1      | Reached XP level 2. HP: 17/17 MP: 1/5
  1185 | D:2      | Reached XP level 3. HP: 18/21 MP: 2/6
  1556 | D:2      | Reached XP level 4. HP: 27/27 MP: 4/8
  1911 | D:2      | Learned a level 3 spell: Conjure Flame
  1915 | D:2      | Learned a level 3 spell: Inner Flame
  2324 | D:3      | Reached XP level 5. HP: 25/31 MP: 4/9
  2466 | D:3      | Found a runed translucent door.
  2467 | D:3      | Noticed Crazy Yiuf
  2495 | D:3      | Killed Crazy Yiuf
  2693 | D:3      | Noticed Grinder
  2706 | D:3      | Noticed Grinder
  2706 | D:3      | Grinder changed into Grinder the lemure
  2898 | D:3      | Noticed Robin
  2918 | D:3      | Killed Robin
  3343 | D:3      | Killed Grinder the lemure
  3343 | D:3      | Reached XP level 6. HP: 37/37 MP: 2/11
  3675 | D:4      | Found a staircase to the Ecumenical Temple.
  3684 | Temple   | Entered the Ecumenical Temple
  3711 | Temple   | Learned a level 4 spell: Sticky Flame
  3756 | Temple   | Became a worshipper of Sif Muna the Loreminder
  3816 | D:3      | Noticed a steam dragon
  3816 | D:3      | a worker ant changed into a steam dragon
  3817 | D:3      | HP: 1/37 [steam dragon (4)]
  3817 | D:3      | Slain by a steam dragon

Illustrated notes

Levels and vault maps discovered:
D:1:      minmay_arrival_loop, layout_basic, chequers_serial_rivers_marsh
D:2:      layout_basic
D:3:      layout_basic, uniq_robin, uniq_crazy_yiuf_cottage, uniq_grinder
D:4:      minmay_inner_zag, layout_cave_pools, minmay_temple_entry_tees,
          uniq_natasha, uniq_menkaure
Temple:   regret_index_temple_sigil_plot

Skill      XL: |  1  2  3  4  5 |
---------------+----------------+-----
Stealth        | 3 |  3.7
Conjurations   | 2 3 |  3.3
Spellcasting   | 3 |  3.8
Fighting       | |  0.3
Short Blades   | |  0.9
Staves         | |  0.7
Dodging        | |  2.4
Fire Magic     | |  3.6

Action                   |  1- 3 |  4- 6 || total
-------------------------+-------+-------++-------
Melee: Unarmed           |     4 |     4 ||     8
       Constrict         |     2 |    10 ||    12
       Tentacles         |     1 |     5 ||     6
       Rapier            |       |     8 ||     8
       Quarterstaff      |       |    24 ||    24
 Cast: Foxfire           |    50 |    70 ||   120
       Conjure Flame     |       |     2 ||     2
Evoke: Wand              |       |     2 ||     2
  Use: Potion            |       |     4 ||     4
 Stab: Sleeping          |     1 |     4 ||     5
Armor: Skin              |     2 |     6 ||     8
Dodge: Dodged            |    10 |    56 ||    66

Table legend: (Time is in decaauts)
 A = Elapsed time spent in this place.
 B = Non-inter-level travel time spent in this place.
 C = Inter-level travel time spent in this place.
 D = Time resting spent in this place.
 E = Time spent auto-exploring this place.
 F = Levels seen in this place.
 G = Mean time per level.
                   A        B        C        D        E       F      G
               +--------+--------+--------+--------+--------+-----+--------+
         Total |   3805 |   3722 |     83 |    530 |   2021 |   5 |  761.0 |
       Dungeon |   3701 |   3650 |     51 |    530 |   1981 |   4 |  925.2 |
        Temple |    104 |     72 |     32 |      0 |     40 |   1 |  104.0 |
               +--------+--------+--------+--------+--------+-----+--------+

Top non-repeatable levels by time:
     D:3: 1615 daAuts
     D:1: 1163 daAuts
     D:2: 873 daAuts
  Temple: 104 daAuts
     D:4: 48 daAuts
